 Dungeon Crawl Stone Soup version 0.19.4 (webtiles) character file.

93 BogdanSil the Chiller (level 4, 0/30 HPs)
             Began as a Merfolk Ice Elementalist on Jan 30, 2017.
             Was a Follower of Elyvilon.
             Slain by Grinder (4 damage)
             ... on level 3 of the Dungeon.
             The game lasted 00:16:42 (2541 turns).

BogdanSil the Chiller (Merfolk Ice Elementalist)    Turns: 2541, Time: 00:16:43

Health: 0/30       AC:  2    Str:  8    XL:     4   Next: 62%
Magic:  1/8        EV: 13    Int: 15    God:    Elyvilon [*.....]
Gold:   60         SH:  0    Dex: 14    Spells: 3 memorised, 2 levels left

rFire  . . .     SeeInvis .     j - +0 short sword
rCold  . . .     Gourm    .     w - +0 robe
rNeg   . . .     Faith    .     (no shield)
rPois  .         Spirit   .     (no helmet)
rElec  .         Reflect  .     (no cloak)
rCorr  .         Harm     .     (no gloves)
MR     .....                    (no boots)
Stlth  ++........               (no amulet)
                                (no ring)
                                d - +3 ring of slaying

@: no status effects
A: change form in water, swift swim, stealthy swim
a: Lesser Healing, Divine Protection, Renounce Religion


You were on level 3 of the Dungeon.
You worshipped Elyvilon.
Elyvilon was aware of your devotion.
You were not hungry.

You visited 1 branch of the dungeon, and saw 3 of its levels.

You collected 60 gold pieces.

Inventory:

Hand Weapons
 j - a +0 short sword (weapon)
 y - a +1 dagger of draining
Missiles
 k - 51 stones (quivered)
 n - 10 poisoned needles
Armour
 a - a +0 robe
 g - a +0 robe
 w - a +0 robe (worn)
 x - a +0 robe
Jewellery
 d - a +3 ring of slaying (left hand)
 o - an uncursed ring of wizardry {unknown}
Scrolls
 q - a scroll of recharging {unknown}
 r - a scroll of fog {unknown}
 s - a scroll of immolation {unknown}
 u - a scroll of remove curse {unknown}
 v - a scroll of teleportation {unknown}
Potions
 e - a potion of curing {unknown}
 f - 2 potions of agility {unknown}
 h - 2 potions of invisibility {unknown}
 l - 3 potions of heal wounds {unknown}
 m - a potion of might {unknown}
Books
 b - a book of Frost

   Spells                             Type                      Level
   a - Freeze                         Ice                          1
   b - Throw Frost                    Conjuration/Ice              2
   c - Ozocubu's Armour               Charms/Ice                   3
   d - Throw Icicle                   Conjuration/Ice              4
   e - Summon Ice Beast               Ice/Summoning                4
Comestibles
 c - 2 bread rations
 p - a beef jerky
 t - a slice of pizza


   Skills:
 * Level 1.2 Short Blades
 + Level 0.6 Throwing
 + Level 3.0 Dodging
 + Level 2.6 Stealth
 + Level 2.7 Spellcasting
 + Level 1.1 Conjurations
 + Level 4.2 Ice Magic


You had 2 spell levels left.
You knew the following spells:

 Your Spells              Type           Power        Failure   Level  Hunger
a - Freeze                Ice            ##..         4%          1    #......
b - Throw Frost           Conj/Ice       ##....       12%         2    ##.....
c - Ozocubu's Armour      Chrm/Ice       #.......     30%         3    ###....


Dungeon Overview and Level Annotations

Branches:
Dungeon (3/15)

Altars:
Elyvilon
Makhleb

Annotations:
D:3 Grinder


Message History

Okay, then.
You are healed.
You feel somewhat more hungry.
You hit Grinder but do no damage.
Grinder is moderately wounded.
Grinder completely misses you.
You hit Grinder.
Grinder is heavily wounded.
Grinder hits you but does no damage.
You hit Grinder.
Grinder is heavily wounded.
Grinder barely misses you.
You barely miss Grinder.
Grinder is heavily wounded.
Grinder blinks!
You barely miss Grinder.
Grinder is heavily wounded.
Grinder hits you.
* * * LOW HITPOINT WARNING * * *
You writhe in agony.
You die...

### #<# #.# #.#
#.# #.#
#########@#
........#5#
........#.#####.
(..>.(..)........
.......(#.#####..
..[(..(...#
(.........#
(...(.....#
###(#####.#


You could see Grinder.

Vanquished Creatures
  Jessica (D:2)
  An adder (D:2)
  2 worms (D:2)
  2 dart slugs
  4 leopard geckos
  A bat (D:1)
  2 giant cockroaches
  10 goblins
  3 hobgoblins
  3 jackals (D:1)
  7 kobolds
  2 quokkas (D:2)
  A ball python (D:2)
  2 frilled lizards (D:2)
  A rat (D:1)
42 creatures vanquished.

Notes
Turn   | Place    | Note
-------+----------+-------------------------------------------
     0 | D:1      | BogdanSil the Merfolk Ice Elementalist began the quest for the Orb.
     0 | D:1      | Reached XP level 1. HP: 13/13 MP: 3/3
   215 | D:1      | Reached XP level 2. HP: 16/19 MP: 1/5
   271 | D:1      | Learned a level 2 spell: Throw Frost
   933 | D:1      | Reached XP level 3. HP: 22/24 MP: 3/6
   945 | D:1      | Learned a level 3 spell: Ozocubu's Armour
  1142 | D:2      | Reached skill level 1 in Short Blades
  1285 | D:2      | Reached skill level 4 in Ice Magic
  1553 | D:2      | Found a white marble altar of Elyvilon.
  1586 | D:2      | Became a worshipper of Elyvilon the Healer
  1697 | D:2      | Reached XP level 4. HP: 25/30 MP: 4/8
  1828 | D:2      | Found a burning altar of Makhleb.
  2051 | D:2      | Reached * piety under Elyvilon
  2071 | D:2      | Noticed Jessica
  2084 | D:2      | Killed Jessica
  2084 | D:2      | Reached skill level 1 in Conjurations
  2496 | D:3      | Noticed Grinder
  2523 | D:3      | HP: 1/30 [Grinder (4)]
  2541 | D:3      | Slain by Grinder

Skill      XL: |  1  2  3  4 |
---------------+-------------+-----
Dodging        | 3 |  3.0
Short Blades   | 1 |  1.2
Ice Magic      | 4 |  4.2
Conjurations   | 1 |  1.1
Throwing       | |  0.6
Stealth        | |  2.6
Spellcasting   | |  2.7

Action                   |  1- 3 |  4- 6 || total
-------------------------+-------+-------++-------
Melee: Unarmed           |    18 |       ||    18
       Dagger            |     1 |       ||     1
       Short sword       |    22 |     9 ||    31
Throw: Stone             |    49 |    17 ||    66
 Cast: Freeze            |    40 |    10 ||    50
       Throw Frost       |     5 |    10 ||    15
Invok: Lesser Healing    |       |     1 ||     1
  Use: Scroll            |     1 |       ||     1
  Eat: Chunk             |     4 |     3 ||     7
Armor: Robe              |    11 |     2 ||    13
Dodge: Dodged            |    53 |     7 ||    60
